 Dungeon Crawl Stone Soup version 0.31-a0-263-ge8cad7f256 (webtiles) character file.

Game seed: 15290217617731828705

81 qw the Shooter (level 4, -4/26 HPs)
             Began as a Gargoyle Hexslinger on July 13, 2023.
             Slain by a gnoll
             ... wielding a +0 whip
              (7 damage)
             ... on level 2 of the Dungeon.
             The game lasted 00:00:37 (933 turns).

qw the Shooter (Gargoyle Hexslinger)                 Turns: 933, Time: 00:00:37

Health: -4/26      AC:  5    Str: 12    XL:     4   Next: 42%
Magic:  5/5        EV: 12    Int: 13    God:
Gold:   46         SH:  0    Dex: 14    Spells: 4/5 levels left

rFire   . . .        Y - +1 sling
rCold   . . .        (no shield)
rNeg    + . .        c - +0 robe
rPois   inf          (no helmet)
rElec   +            (no cloak)
rCorr   .            (no gloves)
SInv    .            (no boots)
Will    .....        (no amulet)
Stlth   +            (no ring)
HPRegen 0.24/turn    (no ring)
MPRegen 0.09/turn

%: no passive effects
@: no status effects
A: sickness immunity, AC +3, negative energy resistance 1, electricity
resistance, torment resistance 1, petrification resistance
a: no special abilities


You were on level 2 of the Dungeon.
You visited 1 branch of the dungeon, and saw 2 of its levels.

You collected 46 gold pieces.


Innate Abilities, Weirdness & Mutations

You are immune to sickness and miasma.
Your stone body is resilient. (AC +3)
You are immune to poison.
You resist negative energy. (rN+)
You are resistant to electric shocks. (rElec)
You are resistant to unholy torment.
You are immune to petrification.


   Skills:
 - Level 2.0 Fighting
 + Level 4.2 Ranged Weapons
 - Level 1.5 Dodging
 - Level 1.0 Spellcasting
 - Level 2.6 Hexes


You had 4 spell levels left.
You knew the following spells:

 Your Spells              Type           Power      Damage    Failure   Level
a - Slow                  Hex            28%        N/A       10%         1

Your spell library contained the following spells:

 Spells                   Type           Power      Damage    Failure   Level
 Inner Flame              Hex/Fire       4%         N/A       43%         3
 Portal Projectile        Hex/Tloc       8%         N/A       43%         3
 Cause Fear               Hex            3%         N/A       67%         4

Inventory:

Hand Weapons
 Y - a +1 sling (weapon)
Armour
 b - a +0 ring mail
 c - a +0 robe (worn)
Scrolls
 a - a scroll of blinking {unknown}
 f - a scroll of identify
 g - a scroll of butterflies {unknown}
Potions
 d - 2 potions of curing {unknown}
 e - 3 potions of magic {unknown}

Dungeon Overview and Level Annotations

Branches:
Dungeon (2/15)

Altars:

Shops:
D:1 ?


Message History

The endoplasm is moderately wounded.
You shoot a sling bullet.
The sling bullet hits the endoplasm but does no damage.
The endoplasm is moderately wounded.
The endoplasm closely misses you. The gnoll misses you.
You shoot a sling bullet.
The sling bullet closely misses the gnoll.
The endoplasm barely misses you. The gnoll closely misses you.
The gnoll hits you with a +1 flail of holy wrath!
The gnoll hits you with a +0 whip.
You shoot a sling bullet.
The sling bullet closely misses the gnoll.
The endoplasm freezes you.
You are frozen.
The gnoll hits you from afar with a +0 spear.
The gnoll barely misses you.
You shoot a sling bullet.
The sling bullet barely misses the gnoll.
The endoplasm closely misses you. The gnoll closely misses you.
The gnoll hits you but does no damage. The gnoll closely misses you.
The endoplasm hits you but does no damage.
The gnoll barely misses you. The gnoll closely misses you.
The gnoll hits you with a +0 whip. The gnoll misses you.
You shoot a sling bullet. The sling bullet hits the gnoll.
You kill the gnoll!
The endoplasm closely misses you. The gnoll barely misses you.
The gnoll closely misses you. The gnoll misses you.
You shoot a sling bullet. The sling bullet hits the gnoll.
The gnoll is lightly wounded.
The endoplasm barely misses you. The gnoll misses you.
The gnoll barely misses you. The gnoll hits you but does no damage.
You shoot a sling bullet.
The sling bullet closely misses the gnoll.
The endoplasm freezes you.
You are frozen.
The gnoll closely misses you. The gnoll misses you.
The gnoll closely misses you.
You shoot a sling bullet. The sling bullet hits the gnoll.
The gnoll is heavily wounded.
The endoplasm hits you. The gnoll hits you with a +0 whip!
You die...

)(##..# ...##.##
.#.##..######
.#.<........#####
.#######.#....... .
.##### #...##### ##$.
.....###..#########.....
.........)%.....gg..#...
...#####........@Jg.....
...#####.###.....)..#...
....................#
....########..#....##
...########$.###..##
.........#..## ##.$#
...##....... ..$#
..........#. .#.!
....(....#


You could see 3 gnolls and an endoplasm.

Vanquished Creatures
  2 adders (D:2)
  A gnoll (D:2)
  A worm (D:2)
  2 dart slugs (D:1)
  4 endoplasms
  A giant cockroach (D:1)
  2 goblins (D:1)
  8 hobgoblins
  4 quokkas (D:1)
  5 ball pythons
  3 bats
  4 frilled lizards (D:1)
  4 kobolds
  4 rats (D:1)
45 creatures vanquished.

Notes
Turn   | Place    | Note
-------+----------+-------------------------------------------
     0 | D:1      | qw the Gargoyle Hexslinger began the quest for the Orb.
     0 | D:1      | Reached XP level 1. HP: 12/12 MP: 2/2
     0 | D:1      | 0 ||| qw: Version: 0.3-a-52-g30416fa
     0 | D:1      | 0 ||| qw: Game counter: 7104
     0 | D:1      | 0 ||| qw: Melee chars always use a shield: true
     0 | D:1      | 0 ||| qw: God list: Okawaru
     0 | D:1      | 0 ||| qw: Allow faded altars: false
     0 | D:1      | 0 ||| qw: Do Orc after clearing Dungeon:15 true
     0 | D:1      | 0 ||| qw: Do second Lair branch before Depths: true
     0 | D:1      | 0 ||| qw: Lair rune preference: random
     0 | D:1      | 0 ||| qw: Goals: Normal
     0 | D:1      | 0 ||| PLANNING D:1-11
   134 | D:1      | Reached XP level 2. HP: 16/16 MP: 3/3
   164 | D:1      | Reached skill level 3 in Ranged Weapons
   164 | D:1      | 164 ||| FLEEEEING.
   165 | D:1      | 165 ||| FLEEEEING.
   166 | D:1      | 166 ||| FLEEEEING.
   167 | D:1      | 167 ||| FLEEEEING.
   168 | D:1      | 168 ||| FLEEEEING.
   240 | D:1      | Found Vinun's Magic Scroll Shop.
   244 | D:1      | 244 ||| SHOPLISTING scroll of enchant weapon (97 gold, have
                  | 4).
   244 | D:1      | 244 ||| SHOPLISTING scroll of identify (26 gold, have 4).
   244 | D:1      | 244 ||| SHOPLISTING scroll of teleportation (39 gold, have
                  | 4).
   444 | D:1      | Reached XP level 3. HP: 21/21 MP: 4/4
   733 | D:1      | 733 ||| READING scroll labelled XEUJYH UFADDI.
   734 | D:1      | 734 ||| READING 2 scrolls labelled LEMPUO VEUFAKI.
   735 | D:1      | 735 ||| READING scroll labelled XETZOGAOTE.
   740 | D:1      | 740 ||| DROPPING scroll of poison.
   876 | D:2      | Reached XP level 4. HP: 25/26 MP: 5/5
   905 | D:2      | Reached skill level 4 in Ranged Weapons
   932 | D:2      | HP: 5/26 [frozen (5)]
   933 | D:2      | Slain by a gnoll

Levels and vault maps discovered:
D:1:      spicycebolla_arrival_xxxplode, layout_basic, serial_shops,
          nicolae_shop_back_alley_shop
D:2:      layout_rooms, nicolae_ecumenical_snake_handling

Skill      XL: |  1  2  3  4 |
---------------+-------------+-----
Ranged Weapons | 3 4 |  4.2
Fighting       | 2 |  2.0
Dodging        | |  1.5
Spellcasting   | |  1.0
Hexes          | |  2.6

Action                     |  1- 3 |  4- 6 || total
---------------------------+-------+-------++-------
   Fire: Sling             |   144 |    33 ||   177
    Use: Scroll            |     3 |       ||     3
 Armour: Robe              |    23 |    11 ||    34
  Dodge: Dodged            |    50 |    35 ||    85

Table legend:
 A = Non-vault XP
 B = Vault XP
 C = Vault XP percentage of total XP
 D = Non-vault monster count
 E = Vault monster count
 F = Vault count percentage of total count
                 A         B        C        D         E       F
            +---------+---------+-------+---------+---------+-------
      Total |     113 |       4 |   3.4 |      43 |       2 |   4.4
            +---------+---------+-------+---------+---------+-------
        D:1 |      57 |       0 |   0.0 |      33 |       0 |   0.0
        D:2 |      56 |       4 |   6.7 |      10 |       2 |  16.7
            +---------+---------+-------+---------+---------+-------
